 Dungeon Crawl Stone Soup version 0.29.0-11-gd7f09526c8 (webtiles) character file.

Game seed: 6238925013937560314

561 freelancePsychic the Trooper (level 7, 0/59 HPs)
             Began as a Barachi Chaos Knight on Sept 4, 2022.
             Was an Initiate of Okawaru.
             Slain by a killer bee (5 damage)
             ... on level 5 of the Dungeon.
             The game lasted 00:10:02 (4888 turns).

freelancePsychic the Trooper (Barachi Chaos Knight) Turns: 4888, Time: 00:10:03

Health: 0/59       AC:  6    Str: 13    XL:     7   Next: 31%
Magic:  6/6        EV: 11    Int: 10    God:    Okawaru [......]
Gold:   328        SH:  0    Dex: 14    Spells: 6/6 levels left

rFire   + + .      SeeInvis .   a - +2 dagger (venom)
rCold   + . .      Faith    .   (no shield)
rNeg    . . .      Spirit   .   o - +1 ring mail {rF+}
rPois   +          Reflect  .   (no helmet)
rElec   .          Harm     .   t - scarf {rC+ rF+}
rCorr   .          Rampage  .   (no gloves)
Will    +....                   (no boots)
Stlth   +.........              (no amulet)
HPRegen 0.99/turn               f - ring of poison resistance
MPRegen 0.10/turn               l - ring of willpower

@: about to teleport, unable to hop, attractive, invisible, slow
A: amphibious, slowness 1, strong legs 1, +LOS, hooves 1, dopey 1, low MP 1,
regeneration 1
a: Hop, Renounce Religion


You were on level 5 of the Dungeon.
You worshipped Okawaru.
Okawaru was noncommittal.
You visited 2 branches of the dungeon, and saw 6 of its levels.

You collected 328 gold pieces.

Inventory:

Hand Weapons
 a - a +2 dagger of venom (weapon)
 b - a +0 sling
 e - a +4 dagger
 g - a +0 shortbow
Armour
 j - a +2 pair of gloves
 o - a +1 ring mail of fire resistance (worn)
 t - a scarf of resistance (worn)
 y - a +2 leather armour
Jewellery
 f - a ring of poison resistance (left hand)
 i - a ring of resist corrosion
 l - a ring of willpower (right hand)
 n - a ring of protection from cold
Wands
 v - a wand of flame (17)
Scrolls
 h - a scroll of immolation
 k - a scroll of silence
 s - 3 scrolls of butterflies
Potions
 p - 2 potions of resistance
 w - a potion of haste {unknown}
 x - a potion of brilliance {unknown}
 z - a potion of ambrosia {unknown}
Miscellaneous
 c - a piece from Xom's chessboard (15/15) (quivered)


   Skills:
 + Level 6.5 Fighting
 - Level 1.4(2.5) Short Blades
 - Level 3.6(3.8) Long Blades
 * Level 4.2 Ranged Weapons
 - Level 2.4 Armour
 - Level 3.7 Dodging
 * Level 0.8 Invocations


You had 6 spell levels left.
You didn't know any spells.
Your spell library was empty.

Dungeon Overview and Level Annotations

Branches:
Dungeon (5/15)             Temple (1/1) D:5

Altars:
Ashenzari
Cheibriados
Elyvilon
Fedhas
Hepliaklqana
Makhleb
Okawaru
Qazlal
Sif Muna
Uskayaw
Wu Jian
Xom
Yredelemnul
Zin

Annotations:
D:3 exclusion: centaur
D:5 1 runed translucent door


Innate Abilities, Weirdness & Mutations

You are amphibious.
You cover ground slowly.
You can hop short distances.
You have an extended range of vision and can be seen from far away.
You have large cloven feet.
You are dopey. (Int -2)
Your magical capacity is low. (-10% MP)
Your natural rate of healing is unusually fast.


Message History

You feel attractive to monsters.
You kill the killer bee!
Okawaru accepts your kill. The killer bee stings you.
The killer bee is attracted toward you. The killer bee misses you.
The killer bee stings you but does no damage.
You barely miss the killer bee. You kick the killer bee.
The killer bee is lightly wounded.
The killer bee closely misses you.
The killer bee stings you but does no damage.
The killer bee stings you. x2
You catch the helpless killer bee completely off-guard!
You puncture the killer bee!
The killer bee is almost dead.
The killer bee stings you. The killer bee closely misses you.
You hit the killer bee.
The killer bee is poisoned.
The killer bee is heavily wounded.
The killer bee barely misses you. The killer bee stings you!
* * * LOW HITPOINT WARNING * * *
The killer bee stings you.
* * * LOW HITPOINT WARNING * * *
The killer bee stings you.
* * * LOW HITPOINT WARNING * * *
The killer bee barely misses you. x2
Okay, then.
As you read the scroll of teleportation {@r4}, it crumbles to dust.
You feel strangely unstable. The killer bee closely misses you.
The killer bee stings you but does no damage.
The killer bee misses you. The killer bee barely misses you.
The killer bee stings you.
* * * LOW HITPOINT WARNING * * *
The killer bee closely misses you.
You closely miss the killer bee. Your kick misses the killer bee.
The killer bee is severely wounded.
You kill the killer bee!
Okawaru accepts your kill. The killer bee closely misses you. x2
The killer bee stings you but does no damage.
The killer bee stings you.
You die...

...(..# #......#
#......# ♣♣####
#.......## ♣♣).#@##
........##
♣♣.P.yyy######........#
♣.P...†.#.......##....#
♣.♣.P)#..#.......###....
♣♣♣##........#........
#....##..#........
#..#......##......
#......#.#........>...
#.....####..........##


You could see 3 killer bees.

Vanquished Creatures
  An ogre (D:4)
  A centaur (D:5)
  A phantom (D:4)
  2 killer bees (D:5)
  A hound (D:5)
  2 iguanas
  7 adders
  2 white imps (D:5)
  A worm (D:2)
  3 dart slugs
  10 orcs
  9 bats
  5 endoplasms
  5 giant cockroaches
  12 hobgoblins
  5 quokkas
  8 ball pythons
  A frilled lizard (D:2)
  9 goblins
  9 kobolds
  9 rats
103 creatures vanquished.

Notes
Turn   | Place    | Note
-------+----------+-------------------------------------------
     0 | D:1      | freelancePsychic the Barachi Chaos Knight began the quest
                  | for the Orb.
     0 | D:1      | Reached XP level 1. HP: 18/18 MP: 1/1
   264 | D:1      | Reached skill level 4 in Fighting
   264 | D:1      | Reached XP level 2. HP: 20/25 MP: 2/2
   268 | D:1      | XOM: potion effect (heal wounds)
   269 | D:1      | XOM: potion effect (berserk rage)
   538 | D:1      | Reached XP level 3. HP: 30/31 MP: 3/3
   596 | D:1      | Found a faded altar of an unknown god.
   877 | D:1      | XOM: divination: magic mapping
   909 | D:2      | XOM is BORED!
   909 | D:2      | XOM: chaos upgrade
  1429 | D:2      | Reached XP level 4. HP: 16/38 MP: 4/4
  1584 | D:2      | XOM: silly message
  1928 | D:2      | XOM: summons 2 hostile shadow creatures
  2383 | D:3      | Reached skill level 5 in Fighting
  2587 | D:3      | XOM: god gift: scroll labelled CAD VYSHOSAC {god gift}
  2638 | D:3      | XOM: 2-stop teleportation journey
  2665 | D:3      | Noticed a centaur
  2726 | D:3      | Found a shimmering blue altar of Sif Muna.
  3114 | D:4      | Reached skill level 1 in Short Blades
  3114 | D:4      | Reached XP level 5. HP: 44/44 MP: 5/5
  3586 | D:4      | XOM: scenery: create altars
  3740 | D:4      | XOM: god gift: 53 gold pieces
  3960 | D:5      | Entered Level 5 of the Dungeon
  3970 | D:5      | Noticed a phantom
  3982 | D:4      | Reached skill level 1 in Ranged Weapons
  4142 | D:5      | Noticed an ogre
  4142 | D:5      | Noticed a centaur
  4153 | D:4      | XOM: god gift: scroll of enchant armour
  4154 | D:4      | XOM: scenery: create altars
  4162 | D:4      | XOM: fake destruction
  4163 | D:4      | Killed an ogre
  4164 | D:4      | Reached XP level 6. HP: 52/52 MP: 6/6
  4216 | D:4      | Reached skill level 6 in Fighting
  4297 | D:5      | Noticed an ice beast
  4308 | D:4      | XOM is BORED!
  4308 | D:4      | Noticed a shapeshifter
  4308 | D:4      | an adder changed into a shapeshifter
  4308 | D:4      | XOM: polymorph adder -> shapeshifter
  4308 | D:4      | Noticed a shining eye
  4308 | D:4      | a shapeshifter changed into a shining eye
  4314 | D:4      | Gained mutation: Your magical capacity is low. (-10% MP) [a
                  | shining eye]
  4317 | D:4      | Gained mutation: You are frail. (-10% HP) [a shining eye]
  4319 | D:4      | Noticed a faun
  4319 | D:4      | a shining eye changed into a faun
  4322 | D:4      | Noticed a torpor snail
  4322 | D:4      | a faun changed into a torpor snail
  4341 | D:4      | Noticed an eye of devastation
  4341 | D:4      | a torpor snail changed into an eye of devastation
  4599 | D:4      | Lost mutation: You are frail. (-10% HP) [potion of
                  | mutation]
  4599 | D:4      | Lost mutation: Your magical capacity is low. (-10% MP)
                  | [potion of mutation]
  4599 | D:4      | Gained mutation: Your magical capacity is low. (-10% MP)
                  | [potion of mutation]
  4599 | D:4      | Gained mutation: You have large cloven feet. [potion of
                  | mutation]
  4599 | D:4      | Gained mutation: You are dopey. (Int -2) [potion of
                  | mutation]
  4599 | D:4      | Gained mutation: Your natural rate of healing is unusually
                  | fast. [potion of mutation]
  4660 | D:5      | XOM: summons 3 friendly demons
  4666 | D:5      | Reached XP level 7. HP: 56/59 MP: 6/6
  4667 | D:5      | Found a runed translucent gate.
  4667 | D:5      | XOM: 5-stop teleportation journey
  4673 | D:5      | Found a staircase to the Ecumenical Temple.
  4699 | Temple   | Entered the Ecumenical Temple
  4766 | Temple   | Fell from the grace of Xom
  4766 | Temple   | Became a worshipper of Warmaster Okawaru
  4888 | D:5      | Slain by a killer bee

Illustrated notes

Levels and vault maps discovered:
D:1:      nzn_arrival_settlement, layout_loops_ring,
          hellmonk_ecumenical_altar_leap_of_faith, minmay_hexomino_p4
D:2:      layout_basic, minmay_increasing_density
D:3:      layout_rooms, lemuel_blue_sif_altar, chequers_serial_rivers_small_3
D:4:      layout_layer_cave
D:5:      layout_cave_pools, minmay_temple_entry_waves,
          gammafunk_ghost_cemetery, nicolae_figureground_pulse,
          uniq_crazy_yiuf_cottage
Temple:   nicolae_temple_hex_pool

Skill      XL: |  1  2  3  4  5  6 |
---------------+-------------------+-----
Fighting       | 4 5 6 |  6.5
Dodging        | 2 3 |  3.7
Short Blades   | 1 |  1.4
Ranged Weapons | 2 4 |  4.2
Long Blades    | |  3.6
Armour         | |  2.4
Invocations    | |  0.8

Action                   |  1- 3 |  4- 6 |  7- 9 || total
-------------------------+-------+-------+-------++-------
Melee: Falchion          |    83 |       |       ||    83
       Dagger            |    46 |   181 |    13 ||   240
       Punch             |       |     1 |       ||     1
       Kick              |       |     5 |     4 ||     9
 Fire: Sling             |       |    53 |    10 ||    63
 Abil: Hop               |       |     2 |     1 ||     3
Evoke: Piece from Xom's  |       |     1 |       ||     1
  Use: Scroll            |     3 |    15 |     3 ||    21
       Potion            |       |     2 |     4 ||     6
 Stab: Sleeping          |     1 |     2 |       ||     3
       Paralysed         |     1 |       |       ||     1
       Distracted        |       |     1 |       ||     1
       Invisible         |       |       |     1 ||     1
Armor: Leather armour    |    39 |    57 |       ||    96
       Ring mail         |       |       |     7 ||     7
Dodge: Dodged            |    96 |   175 |    27 ||   298
